 Dungeon Crawl Stone Soup version 0.30-a0-557-ge2afbf3030 (webtiles) character file.

Game seed: 13391716033995151774

12398 greasedhog the Grappler (level 11, -4/99 HPs)
             Began as a Ghoul Fighter on Dec 28, 2022.
             Was an Elder of Wu Jian.
             Slain by a titanic slime creature (76 damage)
             ... on level 13 of the Dungeon.
             The game lasted 00:24:33 (11408 turns).

greasedhog the Grappler (Ghoul Fighter)            Turns: 11408, Time: 00:24:34

Health: -4/99      AC: 23    Str: 29    XL:     11   Next: 92%
Magic:  10/10      EV:  6    Int:  5    God:    Wu Jian [****..]
Gold:   502        SH:  8    Dex:  8    Spells: 10/10 levels left

rFire   + . .      SeeInvis .      - Unarmed
rCold   + . .      Faith    .    M - +0 kite shield
rNeg    + + +      Spirit   .    H - +3 plate armour
rPois   ∞          Reflect  .    (no helmet)
rElec   +          Harm     .    B - +0 cloak
rCorr   .          Rampage  .    x - +2 pair of gloves of the Engineer {rElec}
Will    .....                    A - +0 pair of boots Stlth
                                 (no amulet)
HPRegen 0.00/turn                F - ring of protection from fire
MPRegen 0.12/turn                p - +6 ring of strength

@: inhibited regen
A: claws 1, cold resistance 1, negative energy resistance 3, inhibited
regeneration, torment resistance 2, devour on kill
a: Renounce Religion, Wall Jump, Serpent's Lash


You were on level 13 of the Dungeon.
You worshipped Wu Jian.
Wu Jian was greatly pleased with you.
You visited 2 branches of the dungeon, and saw 13 of its levels.
You also visited: Sewer.

You collected 663 gold pieces.
You spent 161 gold pieces at shops.

Inventory:

Missiles
 k - 13 boomerangs (quivered)
 v - a throwing net
Armour
 x - the +2 pair of gloves of the Engineer (worn) {rElec}
   (You bought it in a shop on level 4 of the Dungeon)

   rElec:     It insulates you from electricity.
 A - a +0 pair of boots (worn)
 B - a +0 cloak (worn)
 H - a +3 plate armour (worn)
 M - a +0 kite shield (worn)
Jewellery
 d - a ring of resist corrosion
 p - a +6 ring of strength (right hand)
 w - a ring of fire
 F - a ring of protection from fire (left hand)
 J - an amulet of magic regeneration
Wands
 l - a wand of roots (17)
 o - a wand of flame (39)
 q - a wand of light (6)
 y - a wand of paralysis (2)
 z - a wand of polymorph (18)
 I - a wand of mindburst (2)
Scrolls
 e - 2 scrolls of blinking
 g - 3 scrolls of fear
 h - 3 scrolls of immolation
 i - a scroll of acquirement {unknown}
 m - 3 scrolls of enchant armour
 r - 6 scrolls of teleportation
 s - a scroll of torment
 u - 2 scrolls of fog
Potions
 a - 3 potions of heal wounds
 b - a potion of brilliance {unknown}
 c - 5 potions of might
 f - 7 potions of haste
 j - a potion of resistance
 n - a potion of magic
 t - 2 potions of curing {unknown}
 C - a potion of degeneration {unknown}
 D - 3 potions of cancellation {unknown}
 E - 3 potions of attraction {unknown}
 G - 2 potions of flight {unknown}


   Skills:
 - Level 10.1 Fighting
 * Level 9.5 Armour
 * Level 4.1 Shields
 * Level 14.2 Unarmed Combat


You had 10 spell levels left.
You didn't know any spells.
Your spell library contained the following spells:

 Spells                   Type           Power      Damage    Failure   Level
 Sandblast                Erth           0%         2d4       100%        1
 Passwall                 Tmut/Erth      0%         N/A       100%        2
 Stone Arrow              Conj/Erth      0%         3d7       100%        3


Dungeon Overview and Level Annotations

Branches:
Dungeon (11/15)            Temple (1/1) D:5            Lair (0/5) D:11
    Orc (0/2) D:10          Sewer (visited)

Altars:
Ashenzari
Cheibriados
Dithmenos
Fedhas
Gozag
Hepliaklqana
Kikubaaqudgha
Makhleb
Nemelex Xobeh
Okawaru
Qazlal
Ru
Sif Muna
Trog
Uskayaw
Vehumet
Wu Jian
Xom
Yredelemnul

Shops:
D:4 [   D:5 *   D:8 [

Annotations:
D:10 2 transporters, drugrobin's ghost, novice DgDe


Innate Abilities, Weirdness & Mutations

You are immune to poison.
You have sharp fingernails.
Your flesh is cold resistant. (rC+)
You are immune to negative energy. (rN+++)
You do not regenerate when monsters are visible.
You are immune to unholy pain and torment.
You thrive by killing the living.


Message History

You spin and attack the slime creature.
You hit the slime creature.
The slime creature is lightly wounded.
You block the slime creature's attack.
Two slime creatures merge to form a large slime creature.
You spin and attack the slime creature.
You hit the slime creature.
The slime creature is lightly wounded.
The slime creature hits you!
Two slime creatures merge to form a large slime creature.
Two slime creatures merge to form a very large slime creature.
Aiming: Fastroot
Press: ? - help, Shift-Dir - straight line, f - you The roots erupt in riotous growth!
You hit the large slime creature.
The large slime creature is lightly wounded.
You block the large slime creature's attack.
You punch the large slime creature!
The large slime creature is lightly wounded.
You barely miss the large slime creature.
The large slime creature is lightly wounded.
The large slime creature hits you!
Two slime creatures merge to form a titanic slime creature.
Aiming: Bolt of Light
Press: ? - help, Shift-Dir - straight line, f - titanic slime creature
Aim: a titanic slime creature (lightly wounded, 94% to hit)
The bolt of light hits the titanic slime creature!
The titanic slime creature is lightly wounded.
Aiming: Bolt of Light
Press: ? - help, Shift-Dir - straight line, f/p - titanic slime creature
Aim: a titanic slime creature (lightly wounded, 94% to hit)
The bolt of light hits the titanic slime creature!
The titanic slime creature is lightly wounded.
You block the titanic slime creature's attack.
Aiming: Bolt of Light
Press: ? - help, Shift-Dir - straight line, f/p - titanic slime creature
Aim: a titanic slime creature (lightly wounded, 94% to hit)
The bolt of light hits the titanic slime creature!
The titanic slime creature is lightly wounded.
The titanic slime creature hits you!!!!
Ouch! That really hurt!
You die...

....÷.....###### ....# #...
.##'###..†...)÷###....#####+##...
.#....#.######...................
.#....#.# #..##########.......
.#....#.# #..#........#.......
.#....#.# #..#........#.......
.#....#.# #..#........#.......
.#....#.# #..######'###.....##
.######.######..@J.............#
................################
.....########...# .....# #...#
.....# #...# ...### ##### ...#
####


You could see a titanic slime creature.

Vanquished Creatures
  Harold (D:9)
  6 two-headed ogres
  Pikel (D:7)
  An ugly thing (D:13)
  A komodo dragon (D:10)
  A hornet (D:8)
  A slime creature (D:13)
  Sigmund (D:3)
  5 yaks
  A wyvern (D:9)
  A steam dragon (D:6)
  4 vampire mosquitoes (D:10)
  4 water moccasins
  2 black bears
  5 orc warriors
  2 sky beasts
  2 ogres
  The ghost of Heh the Trooper, an amateur OpFi (D:3)
  A centaur (D:8)
  3 kobold brigands
  A lemure (D:7)
  A phantom (D:4)
  4 bullfrogs
  3 scorpions
  2 necrophages (D:5)
  2 gnoll sergeants
  5 wights (D:9)
  11 killer bees (D:9)
  7 howler monkeys
  2 electric eels (D:10)
  5 jellies
  A gnoll bouda (D:7)
  11 orc priests
  4 hounds
  Jessica (D:2)
  6 iguanas
  13 orc wizards
  14 gnolls
  16 adders
  4 river rats
  4 white imps
  3 dart slugs
  42 orcs
  3 bats
  5 endoplasms
  4 giant cockroaches
  9 goblins
  5 hobgoblins
  5 jackals
  16 kobolds
  5 quokkas
  9 ball pythons
  8 frilled lizards
  6 rats
281 creatures vanquished.

Vanquished Creatures (others)
  9 fungi (D:11)
  25 plants
34 creatures vanquished.

Grand Total: 315 creatures vanquished

Notes
Turn   | Place    | Note
-------+----------+-------------------------------------------
     0 | D:1      | greasedhog the Ghoul Fighter began the quest for the Orb.
     0 | D:1      | Reached XP level 1. HP: 19/19 MP: 0/0
    40 | D:1      | Reached XP level 2. HP: 15/26 MP: 1/1
   544 | D:1      | Reached skill level 3 in Unarmed Combat
   664 | D:2      | Reached XP level 3. HP: 33/33 MP: 2/2
   869 | D:2      | Reached XP level 4. HP: 41/41 MP: 3/3
   878 | D:2      | Found a faded altar of an unknown god.
   963 | D:2      | Found a shimmering blue altar of Sif Muna.
  1135 | D:2      | Noticed Jessica
  1141 | D:2      | Killed Jessica
  1142 | D:2      | Reached skill level 4 in Unarmed Combat
  1604 | D:3      | Reached XP level 5. HP: 47/47 MP: 4/4
  1648 | D:3      | Found a runed translucent door.
  1823 | D:3      | Noticed Sigmund
  1833 | D:3      | Killed Sigmund
  1834 | D:3      | Reached skill level 5 in Fighting
  1834 | D:3      | Reached skill level 5 in Unarmed Combat
  1834 | D:3      | Reached XP level 6. HP: 50/57 MP: 5/5
  1875 | D:3      | Noticed Heh's ghost (amateur OpFi)
  2348 | D:3      | Killed Heh's ghost
  2349 | D:3      | Reached XP level 7. HP: 32/64 MP: 6/6
  2498 | D:4      | Reached skill level 6 in Unarmed Combat
  2821 | D:4      | Found Muhod's Antique Armour Emporium.
  3171 | D:5      | Entered Level 5 of the Dungeon
  3203 | D:4      | Bought a pair of polished gloves for 161 gold pieces
  3203 | D:4      | Identified the +2 pair of gloves of the Engineer {rElec}
                  | (You bought it in a shop on level 4 of the Dungeon)
  3221 | D:5      | Found a staircase to the Ecumenical Temple.
  3261 | Temple   | Entered the Ecumenical Temple
  3267 | Temple   | Became a worshipper of the Wu Jian Council
  3318 | D:5      | Reached skill level 7 in Unarmed Combat
  3318 | D:5      | Reached XP level 8. HP: 72/73 MP: 7/7
  3331 | D:5      | Found a snail-covered altar of Cheibriados.
  3352 | D:5      | Found a burning altar of Makhleb.
  3364 | D:5      | Found a blossoming altar of Fedhas.
  3641 | D:5      | Found Tyheg's Serpentskin Sales.
  3662 | D:5      | Reached skill level 8 in Unarmed Combat
  3689 | D:5      | Found a glowing drain.
  3717 | Sewer    | Entered a sewer
  3910 | Sewer    | Reached * piety under Wu Jian
  5540 | D:6      | Reached XP level 9. HP: 83/83 MP: 8/8
  5566 | D:6      | Reached skill level 9 in Unarmed Combat
  6150 | D:6      | Reached skill level 10 in Fighting
  6517 | D:7      | Reached ** piety under Wu Jian
  6703 | D:7      | Noticed Pikel
  6719 | D:7      | Killed Pikel
  6720 | D:7      | Reached skill level 10 in Unarmed Combat
  7485 | D:8      | Found a shimmering blue altar of Sif Muna.
  7526 | D:8      | Noticed a two-headed ogre
  7545 | D:8      | Killed a two-headed ogre
  7546 | D:8      | Reached skill level 5 in Armour
  7546 | D:8      | Reached skill level 11 in Unarmed Combat
  7546 | D:8      | Reached XP level 10. HP: 84/93 MP: 9/9
  7675 | D:8      | Found Ediagep's Antique Armour Emporium.
  7953 | D:8      | Found a sparkling altar of Nemelex Xobeh.
  8352 | D:9      | Noticed Harold
  8365 | D:9      | Killed Harold
  8384 | D:9      | Found a stormy altar of Qazlal.
  8496 | D:9      | Noticed a two-headed ogre
  8503 | D:9      | Killed a two-headed ogre
  8504 | D:9      | Reached skill level 12 in Unarmed Combat
  8644 | D:9      | Noticed a two-headed ogre
  8655 | D:9      | Killed a two-headed ogre
  8753 | D:9      | Reached *** piety under Wu Jian
  8769 | D:9      | Reached XP level 11. HP: 86/99 MP: 10/10
  8910 | D:9      | Reached skill level 13 in Unarmed Combat
  9186 | D:10     | Entered Level 10 of the Dungeon
  9523 | D:10     | Reached **** piety under Wu Jian
  9768 | D:10     | Found a staircase to the Orcish Mines.
  9984 | D:10     | Noticed a two-headed ogre
  9986 | D:10     | Noticed a moth of wrath
  9986 | D:10     | Noticed a deep troll
  9988 | D:10     | Noticed a two-headed ogre
  9998 | D:10     | Noticed a two-headed ogre
 10003 | D:10     | Noticed drugrobin's ghost (novice DgDe)
 10007 | D:10     | Killed a two-headed ogre
 10168 | D:10     | Found a transporter.
 10415 | D:10     | Found a bloodstained altar of Trog.
 10423 | D:10     | Found a transporter.
 10635 | D:11     | Found a staircase to the Lair.
 10720 | D:11     | Noticed a two-headed ogre
 10727 | D:11     | Killed a two-headed ogre
 10728 | D:11     | Reached skill level 14 in Unarmed Combat
 10951 | D:11     | You fall into a shaft and drop 2 floors!
 10997 | D:13     | Noticed a two-headed ogre
 11012 | D:13     | Killed a two-headed ogre
 11242 | D:13     | Noticed a purple ugly thing
 11265 | D:13     | Killed a purple ugly thing
 11408 | D:13     | Slain by a titanic slime creature

Illustrated notes

Levels and vault maps discovered:
D:1:      erik_arrival_triangle_small, layout_basic
D:2:      layout_loops_corners, basic_altar,
          hellmonk_ecumenical_altar_prayer_group, uniq_jessica
D:3:      minmay_wonky_spiral, layout_basic, ebering_ghost_sewer_d, uniq_sigmund
D:4:      layout_basic, nicolae_take_the_stairs
D:5:      layout_basic, makhleb_heckhound_becter, grunt_temple_overflow_open,
          minmay_temple_entry_purple_smoke, portal_sewer_entry_b,
          guppyfry_shop_venom
D:6:      layout_loops_ring, hangedman_decor_slide_cut,
          kennysheep_generic_room_4
D:7:      layout_loops_ring, hex_tiny, lightli_orcish_oven, uniq_pikel
D:8:      layout_loops_ring, lemuel_blue_sif_altar,
          mainiacjoe_overflow_alcove_1, serial_shops, shop_fountains
D:9:      layout_roguey, mainiacjoe_overflow_cross_hatched,
          kennysheep_mini_moat, uniq_harold
D:10:     layout_basic, erik_orc_2, gammafunk_ghost_wrathful_warriors,
          kennysheep_flooded_box
D:11:     layout_stronghold, due_lair_maze_entry_diamond
D:13:     layout_irregular_city
Temple:   hellmonk_temple_two_chambers

Skill      XL: |  1  2  3  4  5  6  7  8  9 10 11 |
---------------+----------------------------------+-----
Unarmed Combat | 3 4 5 7 8 11 12 14 | 14.2
Fighting       | 4 5 6 7 9 10 | 10.1
Armour         | 5 7 9 |  9.5
Shields        | 4 |  4.1

Action                   |  1- 3 |  4- 6 |  7- 9 | 10-12 || total
-------------------------+-------+-------+-------+-------++-------
Melee: Unarmed           |    93 |    77 |   435 |   420 ||  1025
Throw: Boomerang         |       |       |     3 |    58 ||    61
Invok: Lunge             |       |       |    23 |    22 ||    45
       Whirlwind         |       |       |     1 |     7 ||     8
Evoke: Wand              |       |     1 |    10 |    13 ||    24
  Use: Scroll            |     2 |     1 |     8 |     6 ||    17
       Potion            |       |     1 |       |       ||     1
 Stab: Paralysed         |       |       |       |     4 ||     4
       Invisible         |       |       |       |     2 ||     2
Armor: Scale mail        |    34 |    13 |       |       ||    47
       Chain mail        |       |    11 |   143 |       ||   154
       Plate armour      |       |       |    17 |   257 ||   274
Dodge: Dodged            |    39 |    30 |   110 |   101 ||   280
Block: Buckler           |    13 |    14 |    51 |    46 ||   124
       Kite shield       |       |       |       |    33 ||    33

Table legend: (Time is in decaauts)
 A = Elapsed time spent in this place.
 B = Non-inter-level travel time spent in this place.
 C = Inter-level travel time spent in this place.
 D = Time resting spent in this place.
 E = Time spent auto-exploring this place.
 F = Levels seen in this place.
 G = Mean time per level.
                   A        B        C        D        E       F      G
               +--------+--------+--------+--------+--------+-----+--------+
         Total |  11449 |  11099 |    350 |   1601 |   6976 |  14 |  817.8 |
       Dungeon |  10259 |   9909 |    350 |   1148 |   6468 |  12 |  854.9 |
        Temple |     14 |     14 |      0 |      0 |      0 |   1 |   14.0 |
         Sewer |   1174 |   1174 |      0 |    453 |    507 |   1 | 1174.0 |
               +--------+--------+--------+--------+--------+-----+--------+

Top non-repeatable levels by time:
    D:10: 1422 daAuts
   Sewer: 1174 daAuts
     D:6: 1130 daAuts
     D:5: 1081 daAuts
     D:7: 979 daAuts
     D:2: 947 daAuts
     D:9: 905 daAuts
     D:3: 881 daAuts
     D:8: 780 daAuts
     D:4: 695 daAuts
     D:1: 650 daAuts
    D:13: 455 daAuts
    D:11: 329 daAuts
  Temple: 14 daAuts
